 Dungeon Crawl Stone Soup version 0.22.0-75-g3901e7991e (webtiles) character file.

27 Americanboy the Shooter (level 2, -3/24 HPs)
             Began as a Centaur Hunter on Sept 12, 2018.
             Slain by a worm (11 damage)
             ... on level 2 of the Dungeon.
             The game lasted 00:01:25 (1170 turns).

Americanboy the Shooter (Centaur Hunter)            Turns: 1170, Time: 00:01:25

Health: -3/24      AC:  4    Str: 14    XL:     2   Next: 93%
Magic:  2/2        EV:  9    Int: 10    God:
Gold:   136        SH:  0    Dex:  9    Spells: 1/1 levels left

rFire    + . .     SeeInvis .   a - +1 shortbow
rCold    . . .     Gourm    .   (shield currently unavailable)
rNeg     . . .     Faith    .   c - +0 leather armour
rPois    .         Spirit   .   (no helmet)
rElec    .         Reflect  .   (no cloak)
rCorr    .         Harm     .   (no gloves)
MR       .....                  (no barding)
Stlth    +.........             (no amulet)
HPRegen  0.08/turn              j - ring of protection from fire
MPRegen  0.08/turn              (no ring)

@: very quick
A: large, hooves 3, deformed body, speed 2, tough skin 3
a: no special abilities


You were on level 2 of the Dungeon.
You were not hungry.

You visited 1 branch of the dungeon, and saw 2 of its levels.

You collected 136 gold pieces.

Inventory:

Hand Weapons
 a - a +1 shortbow (weapon)
 b - a +0 short sword
Missiles
 d - 50 arrows (quivered)
Armour
 c - a +0 leather armour (worn)
Jewellery
 j - a ring of protection from fire (left hand)
Scrolls
 g - a scroll of fear
Potions
 e - 2 potions of curing
 k - 2 potions of brilliance
 l - a potion of cancellation {unknown}
 m - a potion of magic
Comestibles
 f - 3 rations


   Skills:
 * Level 2.1 Fighting
 + Level 0.1 Short Blades
 + Level 6.2 Bows
 + Level 0.3 Armour
 + Level 1.5 Dodging
 + Level 0.4 Stealth


You had one spell level left.
You didn't know any spells.
Your spell library was empty.

Dungeon Overview and Level Annotations

Branches:
Dungeon (2/15)

Altars:

Annotations:
D:2 Terence


Innate Abilities, Weirdness & Mutations

You have hooves in place of feet.
Armour fits poorly on your strangely shaped body.
You cover ground very quickly.
You have extremely tough skin. (AC +3)


Message History

Terence is almost dead.
Terence barely misses you.
Firing (i - inventory)
d - 53 arrows (quivered)
Press: ? - help, Shift-Dir - straight line, f/p - Terence
Aim: Terence, wielding a flail and wearing a shiny scale mail (almost dead)
You shoot an arrow. The arrow closely misses Terence.
The worm barely misses you. Terence hits you with a flail.
Firing (i - inventory)
d - 52 arrows (quivered)
Press: ? - help, Shift-Dir - straight line, f/p - Terence
Aim: Terence, wielding a flail and wearing a shiny scale mail (almost dead)
You shoot an arrow. The arrow closely misses Terence.
Terence hits you with a flail.
Firing (i - inventory)
d - 51 arrows (quivered)
Press: ? - help, Shift-Dir - straight line, f/p - Terence
Aim: Terence, wielding a flail and wearing a shiny scale mail (almost dead)
You shoot an arrow.
The arrow hits Terence but does no damage.
Terence is almost dead.
The worm bites you!
You die...

#.# .. #.# .. .. .##
. ##.# ..## .. #..
#.###..#### #.##.#
#.#.......# #...@###
#.#.......#
###w@..###.#.......#
#(##..##.#.......#
#( ##.........<..#
#? ##..........## .(
#......†...# ..
#..........# ...
#..........#
#..>†......#


You could see Terence and a worm.

Vanquished Creatures
  A dart slug (D:1)
  2 leopard geckos (D:1)
  A giant cockroach (D:1)
  2 goblins
  3 hobgoblins (D:1)
  4 jackals (D:1)
  3 bats (D:1)
  2 frilled lizards
  3 kobolds (D:1)
  A rat (D:2)
22 creatures vanquished.

Notes
Turn   | Place    | Note
-------+----------+-------------------------------------------
     0 | D:1      | Americanboy the Centaur Hunter began the quest for the Orb.
     0 | D:1      | Reached XP level 1. HP: 17/17 MP: 1/1
    47 | D:1      | Reached XP level 2. HP: 2/24 MP: 2/2
   583 | D:1      | Reached skill level 6 in Bows
  1152 | D:2      | Noticed Terence
  1170 | D:2      | Slain by a worm

Skill      XL: |  1  2 |
---------------+-------+-----
Bows           | 6 |  6.2
Fighting       | |  2.1
Short Blades   | |  0.1
Armour         | |  0.3
Dodging        | |  1.5
Stealth        | |  0.4

Action                   || total
-------------------------++-------
Melee: Short sword       ||    19
       Kick              ||     1
 Fire: Shortbow          ||    74
  Use: Scroll            ||     5
Armor: Leather armour    ||    15
Dodge: Dodged            ||    33
